 Dungeon Crawl Stone Soup version 0.27-a0-1378-gdefffd1ff6 (webtiles) character file.

Game seed: 3157694944418227333

7 sagitran the Poker (level 2, 0/26 HPs)
             Began as a Gnoll Wanderer on June 29, 2021.
             Slain by a quokka (4 damage)
             ... on level 1 of the Dungeon.
             The game lasted 00:01:03 (99 turns).

sagitran the Poker (Gnoll Wanderer)                   Turns: 99, Time: 00:01:03

Health: 0/26       AC:  5    Str: 11    XL:     2   Next: 4%
Magic:  2/2        EV: 12    Int: 12    God:
Gold:   7          SH:  0    Dex: 10    Spells: 1/1 levels left

rFire    . . .     SeeInvis .   a - +0 club
rCold    . . .     Faith    .   (no shield)
rNeg     . . .     Spirit   .   b - +2 leather armour
rPois    .         Reflect  .   (no helmet)
rElec    .         Harm     .   (no cloak)
rCorr    .         Rampage  .   (no gloves)
Will     .....                  (no boots)
Stlth    ++........             (no amulet)
HPRegen  0.08/turn              (no ring)
MPRegen  0.08/turn              (no ring)

@: no status effects
A: fangs 1, strong nose, distributed training
a: no special abilities


You were on level 1 of the Dungeon.
You visited 1 branch of the dungeon, and saw 1 of its levels.

You collected 7 gold pieces.

Inventory:

Hand Weapons
 a - a +0 club (weapon)
 c - a +0 dagger
Armour
 b - a +2 leather armour (worn)


   Skills:
 + Level 4.4 Fighting
 + Level 0.2 Short Blades
 + Level 0.2 Long Blades
 + Level 0.2 Axes
 + Level 0.2 Maces & Flails
 + Level 6.4 Polearms
 + Level 0.2 Staves
 + Level 0.2 Slings
 + Level 0.2 Bows
 + Level 0.2 Crossbows
 + Level 2.4 Throwing
 + Level 0.2 Armour
 + Level 4.4 Dodging
 + Level 4.0 Stealth
 + Level 0.2 Shields
 + Level 0.2 Unarmed Combat
 + Level 0.2 Spellcasting
 + Level 0.1 Conjurations
 + Level 0.1 Hexes
 + Level 0.1 Summonings
 + Level 0.1 Necromancy
 + Level 0.1 Translocations
 + Level 0.1 Transmutations
 + Level 0.1 Fire Magic
 + Level 0.1 Ice Magic
 + Level 0.1 Air Magic
 + Level 0.1 Earth Magic
 + Level 0.1 Poison Magic
 + Level 0.3 Invocations
 + Level 0.2 Evocations


You had one spell level left.
You didn't know any spells.
Your spell library contained the following spells:

 Spells                   Type           Power      Damage    Failure   Level
 Sandblast                Erth           0%         2d4       38%         1
 Stone Arrow              Conj/Erth      0%         3d7       77%         3


Dungeon Overview and Level Annotations

Branches:
Dungeon (1/15)

Altars:


Innate Abilities, Weirdness & Mutations

You have very sharp teeth.
Your uncanny sense of smell can sniff out nearby items.
Your experience applies equally to all skills.


Message History

There is an open door here.
You open the door.
There is an open door here.
You open the door.
There is an open door here.
A rat and a goblin come into view.
A quokka comes into view.
The goblin shouts!
The goblin hits you with a +0 dagger. The rat misses you.
You hit the goblin. You bite the goblin.
The goblin is heavily wounded.
A bat comes into view.
The goblin hits you but does no damage. The rat bites you but does no damage.
The goblin hits you with a +0 dagger.
The bat moves out of view.
You hit the goblin.
The goblin is severely wounded.
The rat bites you but does no damage. The goblin hits you with a +0 dagger.
* * * LOW HITPOINT WARNING * * *
The rat closely misses you. The bat barely misses you.
The bat barely misses you.
There is an open door here.
The bat hits you but does no damage.
You closely miss the goblin. Your bite misses the goblin.
The goblin is severely wounded.
The goblin hits you but does no damage.
You closely miss the goblin. You bite the goblin, but do no damage.
The goblin is severely wounded.
The goblin barely misses you. The goblin hits you with a +0 dagger.
* * * LOW HITPOINT WARNING * * *
You hit the goblin.
You kill the goblin!
The bat barely misses you. The bat hits you but does no damage.
You have reached level 2!
You barely miss the bat. Your bite misses the bat. The bat hits you.
* * * LOW HITPOINT WARNING * * *
The bat hits you but does no damage. x2
You barely miss the bat. Your bite misses the bat. The bat closely misses you.
The quokka bites you.
You die...

#.............#
#.............# .....
#.............# ....
##'#'###......# ...###
#.#.###†.....# ....#
#.#.#......### # #...+
#.#.#.####.# .# #...#
#.#.#.#....#####.# #..b#
#@#.#)#...........
#..r#####r#'#.#.........#.
#...#.r..rb...#...........
##............#...........
#............#...♣.......
#............#....8......
#............#.......<...
#....(.......#...........
#............#...........


You could see a quokka, a bat and a rat.

Vanquished Creatures
  A ball python (D:1)
  An endoplasm (D:1)
  A goblin (D:1)
  A kobold (D:1)
  A quokka (D:1)
  A bat (D:1)
6 creatures vanquished.

Notes
Turn   | Place    | Note
-------+----------+-------------------------------------------
     0 | D:1      | sagitran the Gnoll Wanderer began the quest for the Orb.
     0 | D:1      | sagitran set off with the following items: a +0 club, a +2
                  | leather armour, a +0 dagger; and the following spells
                  | available to memorise: Sandblast, Stone Arrow
     0 | D:1      | Reached XP level 1. HP: 20/20 MP: 1/1
    98 | D:1      | Reached XP level 2. HP: 5/26 MP: 2/2
    99 | D:1      | Slain by a quokka

Illustrated notes

Levels and vault maps discovered:
D:1:      wander_arrival_lonely_grave, layout_basic, basic_ecumenical_altar,
          serial_shops, nicolae_shop_temple_entry_statues_fountains

Action                   || total
-------------------------++-------
Melee: Club              ||    23
       Bite              ||     3
Armor: Leather armour    ||    16
Dodge: Dodged            ||    20

Table legend: (Time is in decaauts)
 A = Elapsed time spent in this place.
 B = Non-inter-level travel time spent in this place.
 C = Inter-level travel time spent in this place.
 D = Time resting spent in this place.
 E = Time spent auto-exploring this place.
 F = Levels seen in this place.
 G = Mean time per level.
                   A        B        C        D        E       F      G
               +--------+--------+--------+--------+--------+-----+--------+
         Total |    105 |    105 |      0 |      0 |      0 |   1 |  105.0 |
       Dungeon |    105 |    105 |      0 |      0 |      0 |   1 |  105.0 |
               +--------+--------+--------+--------+--------+-----+--------+

Top non-repeatable levels by time:
     D:1: 105 daAuts
